 Dungeon Crawl Stone Soup version 0.25-a0-992-gca090100c3 (webtiles) character file.

Game seed: 9131698522767714456, levelgen mode: deterministic

32 Flugslaktarn the Covered (level 3, -6/33 HPs)
             Began as a Minotaur Fighter on May 10, 2020.
             Killed by divine providence
             ... invoked by an orc priest
              (12 damage)
             ... on level 4 of the Dungeon.
             The game lasted 00:00:21 (531 turns).

Flugslaktarn the Covered (Minotaur Fighter)          Turns: 531, Time: 00:00:22

Health: -6/33      AC:  7    Str: 20    XL:     3   Next: 8%
Magic:  2/2        EV:  7    Int:  5    God:
Gold:   43         SH:  9    Dex: 10    Spells: 2/2 levels left

rFire    . . .     SeeInvis .   a - +0 war axe
rCold    . . .     Gourm    .   c - +0 kite shield
rNeg     . . .     Faith    .   b - +0 scale mail
rPois    .         Spirit   .   (helmet restricted)
rElec    .         Reflect  .   (no cloak)
rCorr    .         Harm     .   (no gloves)
MR       .....                  (no boots)
Stlth    ..........             (no amulet)
HPRegen  0.11/turn              (no ring)
MPRegen  0.08/turn              (no ring)

@: no status effects
A: retaliatory headbutt, horns 2
a: no special abilities


You were on level 4 of the Dungeon.
You were not hungry.

You visited 1 branch of the dungeon, and saw 5 of its levels.

You collected 43 gold pieces.

Inventory:

Hand Weapons
 a - a +0 war axe (weapon)
Armour
 b - a +0 scale mail (worn)
 c - a +0 kite shield (worn)
Wands
 g - a wand of paralysis (9)
   (You found it on level 2 of the Dungeon)
Scrolls
 h - a scroll of remove curse {unknown}
Potions
 d - a potion of might
Comestibles
 e - 3 rations


   Skills:
 + Level 4.0 Fighting
 * Level 3.3 Axes
 + Level 4.0 Armour
 + Level 4.0 Shields


You had 2 spell levels left.
You didn't know any spells.
Your spell library was empty.

Dungeon Overview and Level Annotations

Branches:
Dungeon (5/15)
 Temple: D:4-7

Altars:


Innate Abilities, Weirdness & Mutations

You reflexively headbutt those who attack you in melee.
You have a pair of horns on your head.


Message History

* * * LOW HITPOINT WARNING * * *
The orc priest hits you but does no damage.
You closely miss the orc priest. Your headbutt misses the orc priest.
You hit the adder skeleton.
You destroy the adder skeleton!
Your Fighting skill increases to level 4!
You block the orc priest's attack.
You hit the orc priest. You headbutt the orc priest.
The orc priest is heavily wounded.
The orc priest hits you but does no damage.
The orc priest mumbles some strange prayers to Beogh against you.
You barely resist. You slash the orc priest!
The orc priest is almost dead.
You block the orc priest's attack.
Your shield prevents you from hitting the orc priest.
The orc priest is almost dead.
The orc priest mumbles some strange prayers to Beogh against you.
Beogh smites you!
You die...

#..........# #o..#
##.###########
#######...# #...........#
#....##...#
###########.###....##...#
#..##.........#
##(.......#...#
####....##...#
#)o..##...# #@...##...#
###########


You could see an orc priest.

Vanquished Creatures
  An adder zombie (D:2)
  2 adder skeletons
  A worm (D:3)
  A dart slug (D:3)
  3 orcs (D:4)
  A giant cockroach (D:2)
  3 goblins
  2 kobolds (D:3)
  A rat (D:2)
15 creatures vanquished.

Notes
Turn   | Place    | Note
-------+----------+-------------------------------------------
     0 | D:1      | Flugslaktarn the Minotaur Fighter began the quest for the
                  | Orb.
     0 | D:1      | Reached XP level 1. HP: 19/19 MP: 0/0
   115 | D:2      | Reached XP level 2. HP: 21/27 MP: 1/1
   406 | D:5      | Entered Level 5 of the Dungeon
   524 | D:4      | Reached XP level 3. HP: 23/33 MP: 2/2
   531 | D:4      | Killed from afar by an orc priest

Illustrated notes

Levels and vault maps discovered:
D:1:      dpeg_arrival_lava_temple_mockup, layout_loops_ring
D:2:      layout_rooms, grunt_gozag_breadcrumbs, serial_undead, serial_undead_d,
          serial_undead_a, serial_undead_c, serial_undead_d,
          chequers_serial_rivers_small_3, chequers_serial_rivers_micro_c,
          kennysheep_decorative_pillar
D:3:      layout_rooms, nicolae_overflow_crystal_walls,
          kennysheep_generic_room_7, uniq_natasha, uniq_ijyb
D:4:      layout_rooms, okawaru_ov_weapons_minmay
D:5:      layout_gridville, lemuel_coloured_pillars_altar, first_ration,
          hangedman_decor_growths, cheibriados_altar_1

Skill      XL: |  1  2  3 |
---------------+----------+-----
Axes           | 3 |  3.3
Armour         | 4 |  4.0
Shields        | 4 |  4.0
Fighting       | 4 |  4.0

Action                   || total
-------------------------++-------
Melee: War axe           ||    37
       Headbutt          ||     3
Armor: Scale mail        ||    16
Dodge: Dodged            ||    15
Block: Kite shield       ||    20

Table legend:
 A = Non-vault XP
 B = Vault XP
 C = Vault XP percentage of total XP
 D = Non-vault monster count
 E = Vault monster count
 F = Vault count percentage of total count
                 A         B        C        D         E       F
            +---------+---------+-------+---------+---------+-------
      Total |      35 |      11 |  23.9 |      13 |       2 |  13.3
            +---------+---------+-------+---------+---------+-------
        D:1 |       4 |       0 |   0.0 |       2 |       0 |   0.0
        D:2 |       4 |      11 |  73.3 |       3 |       2 |  40.0
        D:3 |      13 |       0 |   0.0 |       4 |       0 |   0.0
        D:4 |      14 |       0 |   0.0 |       4 |       0 |   0.0
            +---------+---------+-------+---------+---------+-------
